 Dungeon Crawl Stone Soup version 0.30.0-15-g856e2d3f33 (webtiles) character file.

Game seed: 15933485975536027372

158 McKennaii the Conjurer (level 4, -3/33 HPs)
             Began as a Demigod Conjurer on May 18, 2023.
             Slain by Sigmund
             ... wielding a +0 scythe
              (10 damage)
             ... on level 3 of the Dungeon.
             The game lasted 00:02:30 (2844 turns).

McKennaii the Conjurer (Demigod Conjurer)           Turns: 2844, Time: 00:02:30

Health: -3/33      AC:  2    Str:  8    XL:     4   Next: 94%
Magic:  4/12       EV: 12    Int: 24    God:
Gold:   107        SH:  0    Dex: 12    Spells: 6/9 levels left

rFire   . . .        (no weapon)
rCold   . . .        (no shield)
rNeg    . . .        a - +0 robe
rPois   .            (no helmet)
rElec   .            (no cloak)
rCorr   .            (no gloves)
SInv    .            (no boots)
Will    .....        (no amulet)
Stlth   ++           (no ring)
HPRegen 0.25/turn    (no ring)
MPRegen 0.13/turn

%: no passive effects
@: on berserk cooldown, slowed, very slow
A: high MP 1, forlorn, divine attributes
a: no special abilities


You were on level 3 of the Dungeon.
You visited 1 branch of the dungeon, and saw 3 of its levels.

You collected 107 gold pieces.

Inventory:

Armour
 a - a +0 robe (worn)
Jewellery
 k - a ring of willpower
Scrolls
 e - 3 scrolls of identify {unknown}
 f - 2 scrolls of teleportation {unknown}
 g - 2 scrolls of fog {unknown}
 i - a scroll of magic mapping {unknown}
 j - a scroll of brand weapon {unknown}
 l - 2 scrolls of noise {unknown}
Potions
 b - a potion of magic
 c - a potion of curing {unknown}
 d - a potion of berserk rage
 h - a potion of brilliance {unknown}
 m - a potion of cancellation {unknown}


   Skills:
 - Level 1.7 Dodging
 - Level 1.7 Stealth
 + Level 3.4 Spellcasting
 + Level 4.9 Conjurations


You had 6 spell levels left.
You knew the following spells:

 Your Spells              Type           Power      Damage    Failure   Level
a - Magic Dart            Conj           100%       1d8       1%          1
b - Searing Ray           Conj           54%        2d6       1%          2

Your spell library contained the following spells:

 Spells                   Type           Power      Damage    Failure   Level
 Dazzling Flash           Conj/Hex       30%        N/A       12%         3
 Fulminant Prism          Conj/Hex       7%         3d7       36%         4
 Iskenderun's Mystic Bla  Conj/Tloc      15%        2d5       36%         4


Dungeon Overview and Level Annotations

Branches:
Dungeon (3/15)

Annotations:
D:3 2 runed translucent doors, Sigmund


Innate Abilities, Weirdness & Mutations

You have an increased reservoir of magic. (+10% MP)
You shall have no god before yourself.
Your divine heritage dramatically boosts your attributes as you level up.


Message History

You miss Sigmund.
Sigmund is moderately wounded.
You bump into the rock wall.
Sigmund hits you with a +0 scythe.
You closely miss Sigmund.
Sigmund is moderately wounded.
You bump into the rock wall.
You feel less confused. Sigmund casts a spell at you. The magic dart hits you.
The kobold closely misses you.
You barely miss Sigmund.
Sigmund is moderately wounded.
Sigmund barely misses you. The kobold closely misses you.
You closely miss Sigmund.
Sigmund is moderately wounded.
You hit Sigmund.
Sigmund is heavily wounded.
You are no longer berserk.
You are exhausted.
You feel yourself slow down. The kobold closely misses you.
Sigmund closely misses you.
You hit Sigmund.
Sigmund is heavily wounded.
The kobold barely misses you. Sigmund misses you.
The kobold hits you with a +0 club.
Sigmund hits you from afar with a +0 scythe!
* * * LOW HITPOINT WARNING * * *
Unknown command.
Okay, then.
Casting: Searing Ray (safe; 1% risk of failure)
Confirm with . or Enter, or press ? or * to list all spells.
Aiming: Searing Ray (safe; 1% risk of failure)
Press: ? - help, Shift-Dir - straight line, f - kobold
Aim: a kobold, wielding a +0 club and quivering stones (74% to hit)
The searing ray hits the kobold!
You kill the kobold!
The searing ray hits Sigmund.
Sigmund is severely wounded. (Press . to maintain the ray.) Sigmund hits you from afar with a +0 scythe!
You die...

#.#.......#
###.#.......#
#...#<#+#+#.#
#...###.# #.#
#...'...#+#.#
#...####....#
#...+ +.....#
#...# #.....#
#@###
.......# #)#
+########
#...@.......
#...........
#...........
#...........
#...........
#...........
#...........


You could see Sigmund.

Vanquished Creatures
  4 gnolls
  6 adders
  A worm (D:2)
  A dart slug (D:2)
  2 ball pythons
  7 bats
  2 endoplasms (D:2)
  3 giant cockroaches
  5 goblins
  7 hobgoblins
  3 jackals (D:3)
  6 quokkas
  6 frilled lizards
  6 kobolds
  5 rats
64 creatures vanquished.

Notes
Turn   | Place    | Note
-------+----------+-------------------------------------------
     0 | D:1      | McKennaii the Demigod Conjurer began the quest for the Orb.
     0 | D:1      | Reached XP level 1. HP: 14/14 MP: 5/5
   384 | D:1      | Reached XP level 2. HP: 20/20 MP: 4/7
   515 | D:1      | Reached skill level 4 in Conjurations
   852 | D:1      | Reached XP level 3. HP: 26/26 MP: 6/9
   855 | D:1      | Learned a level 2 spell: Searing Ray
  1445 | D:2      | Reached XP level 4. HP: 18/33 MP: 1/11
  2716 | D:3      | Found a large runed translucent door.
  2717 | D:3      | Found a large runed translucent door.
  2825 | D:3      | Noticed Sigmund
  2844 | D:3      | Slain by Sigmund

Illustrated notes

Levels and vault maps discovered:
D:1:      lightli_molten_gateway, layout_basic
D:2:      layout_loops_ring, minmay_misc_feat_plants, hangedman_decor_push,
          nrook_mini_vaults, serial_bayou_ford_a, kennysheep_generic_room_9
D:3:      layout_basic, nicolae_hepliaklqana_hippocampus,
          mainiacjoe_overflow_brackets, jmf_multi_god_temple2,
          kiku_gazebo_pond_becter, minmay_misc_feat_tower,
          hangedman_decor_clover_reticule, uniq_sigmund

Skill      XL: |  1  2  3 |
---------------+----------+-----
Spellcasting   | 2 3 |  3.4
Conjurations   | 4 |  4.9
Dodging        | |  1.7
Stealth        | |  1.7

Action                     |  1- 3 |  4- 6 || total
---------------------------+-------+-------++-------
  Melee: Unarmed           |     1 |     6 ||     7
   Cast: Magic Dart        |    58 |    61 ||   119
         Searing Ray       |     2 |     3 ||     5
    Use: Potion            |     1 |     1 ||     2
 Armour: Robe              |     1 |       ||     1
  Dodge: Dodged            |    10 |    11 ||    21
